 Dungeon Crawl Stone Soup version 0.28-a0-1159-g27aa881441 (webtiles) character file.

Game seed: 18087373638815201973

737 SensoryNuts the Slasher (level 7, 0/55 HPs)
             Began as a Demonspawn Fighter on Dec 15, 2021.
             Slain by a gnoll sergeant (5 damage)
             ... on level 5 of the Dungeon.
             The game lasted 00:04:55 (4744 turns).

SensoryNuts the Slasher (Demonspawn Fighter)        Turns: 4744, Time: 00:04:57

Health: 0/55       AC: 15    Str: 19    XL:     7   Next: 46%
Magic:  7/7        EV:  6    Int:  7    God:
Gold:   233        SH:  4    Dex: 12    Spells: 6/6 levels left

rFire   . . .      SeeInvis .   a - +1 long sword
rCold   . . .      Faith    .   c - +0 buckler
rNeg    . . .      Spirit   .   i - +0 plate armour
rPois   .          Reflect  .   (helmet restricted)
rElec   .          Harm     .   (no cloak)
rCorr   .          Rampage  .   (no gloves)
Will    .....                   (no boots)
Stlth   ..........              (no amulet)
HPRegen 0.18/turn               (no ring)
MPRegen 0.20/turn               (no ring)

@: no status effects
A: hooves 1, thin metallic scales 2, foul stench 1, magic regeneration, antennae
1, dopey 1, no potion heal 1
a: no special abilities


You were on level 5 of the Dungeon.
You visited 1 branch of the dungeon, and saw 5 of its levels.

You collected 233 gold pieces.

Inventory:

Hand Weapons
 a - a +1 long sword (weapon)
Armour
 b - a +0 scale mail
 c - a +0 buckler (worn)
 i - a +0 plate armour (worn)
Jewellery
 j - an amulet of magic regeneration
 m - an amulet of magic regeneration
Wands
 d - a wand of digging (7)
 g - a wand of flame (15)
Scrolls
 e - a scroll of immolation
 f - a scroll of noise
 h - a scroll of identify
 k - 2 scrolls of blinking


   Skills:
 + Level 4.6 Fighting
 + Level 5.3 Long Blades
 + Level 4.5 Armour
 + Level 1.1 Dodging
 + Level 3.4 Shields


You had 6 spell levels left.
You didn't know any spells.
Your spell library contained the following spells:

 Spells                   Type           Power      Damage    Failure   Level
 Sandblast                Erth           0%         2d4       100%        1
 Passwall                 Tmut/Erth      0%         N/A       100%        2
 Stone Arrow              Conj/Erth      0%         3d7       100%        3
 Hailstorm                Conj/Ice       0%         3d3       100%        4
 Ice Form                 Ice/Tmut       0%         N/A       100%        4
 Summon Ice Beast         Ice/Summ       0%         N/A       100%        4
 Summon Mana Viper        Hex/Summ       0%         N/A       100%        5
 Simulacrum               Ice/Necr       0%         N/A       100%        6
 Monstrous Menagerie      Summ           0%         N/A       100%        7


Dungeon Overview and Level Annotations

Branches:
Dungeon (5/15)
 Temple: D:4-7

Altars:
Sif Muna

Shops:
D:1 [


Innate Abilities, Weirdness & Mutations

You have large cloven feet.
You are mostly covered in thin metallic scales. (AC +3)
You may rarely emit foul miasma when damaged in melee.
You regenerate magic rapidly.
You have a pair of small antennae on your head.
You are dopey. (Int -2)
Potions are less effective at restoring your health.


Message History

You are no longer glowing.
Your adder dissolves into shadows!
Dowan is nearby!
Dowan is nearby!
Dowan is nearby!
Dowan breathes, "And she was my only..."
Found 14 arrows and 5 poisoned darts.
There is an open door here.
A gnoll sergeant and a skeleton come into view.
The gnoll sergeant shouts!
Your hound zombie dissolves into shadows!
You slash the bullfrog skeleton! Your kick misses the bullfrog skeleton.
The bullfrog skeleton is moderately damaged.
The bullfrog skeleton hits you but does no damage.
The bullfrog skeleton completely misses you.
You hit the bullfrog skeleton. You kick the bullfrog skeleton.
The bullfrog skeleton is heavily damaged.
The bullfrog skeleton hits you but does no damage.
You block the gnoll sergeant's attack.
You slash Dowan! You kick Dowan.
Dowan is severely wounded.
You block the bullfrog skeleton's attack.
Dowan gestures wildly while chanting.
Dowan blinks!
You block the gnoll sergeant's attack.
The bullfrog skeleton hits you but does no damage.
Dowan hits you but does no damage.
You slash Dowan!
You kill Dowan!
The gnoll sergeant hits you from afar with a +0 trident.
* * * LOW HITPOINT WARNING * * *
The bullfrog skeleton hits you but does no damage.
The gnoll sergeant hits you from afar with a +0 trident.
* * * LOW HITPOINT WARNING * * *
You slash the bullfrog skeleton! You kick the bullfrog skeleton.
The bullfrog skeleton is almost destroyed.
You block the bullfrog skeleton's attack.
The bullfrog skeleton hits you.
* * * LOW HITPOINT WARNING * * *
The gnoll sergeant hits you from afar with a +0 trident.
You die...

#..####............#
##..##.######......#
##....# ##.)##..# ..
####.# ##.## ##.# #.#
#.## #...# #.# ..# ##.#
####'### #.. ..#
#.####≈≈≈.≈≈## #.. ..##
###.##≈≈≈.)..≈≈## ##
...####..##≈≈...@...≈≈#
.........#≈≈....Z....≈#
...†....##≈(.≈≈≈g≈....+
...#....#≈≈..≈.(..♣..≈#
.#####..#≈...≈.♣(≈...≈#
## ##.#≈..♣....≈..≈≈#
######..+....≈≈≈≈≈..≈##
........#≈.........≈≈
..####.##


You could see a gnoll sergeant and a bullfrog skeleton.

Vanquished Creatures
  A water moccasin (D:5)
  Blork the orc (D:5)
  A scorpion (D:5)
  Dowan (D:5)
  3 hounds
  Robin (D:3)
  4 adders
  2 worms
  A dart slug (D:1)
  4 orcs
  4 ball pythons
  11 endoplasms
  4 giant cockroaches
  20 goblins
  7 hobgoblins
  6 jackals
  A quokka (D:3)
  9 bats
  2 frilled lizards (D:1)
  4 kobolds
  3 rats
90 creatures vanquished.

Vanquished Creatures (collateral kills)
  Duvessa (D:5)
  A sky beast (D:5)
  A centaur zombie (D:5)
3 creatures vanquished.

Grand Total: 93 creatures vanquished

Notes
Turn   | Place    | Note
-------+----------+-------------------------------------------
     0 | D:1      | SensoryNuts the Demonspawn Fighter began the quest for the
                  | Orb.
     0 | D:1      | Reached XP level 1. HP: 18/18 MP: 1/1
   105 | D:1      | Found a faded altar of an unknown god.
   179 | D:1      | Gained mutation: You regenerate magic rapidly. [demonic
                  | ancestry]
   179 | D:1      | Reached XP level 2. HP: 21/24 MP: 2/2
   386 | D:1      | Reached skill level 2 in Long Blades
   497 | D:1      | Found Rokhliok's Antique Armour Boutique.
   788 | D:2      | Gained mutation: You are partially covered in thin metallic
                  | scales. (AC +2) [demonic ancestry]
   788 | D:2      | Reached XP level 3. HP: 6/29 MP: 3/3
  2153 | D:3      | Noticed Robin
  2184 | D:3      | Reached XP level 4. HP: 36/36 MP: 4/4
  2198 | D:3      | Gained mutation: You are dopey. (Int -2) [potion of
                  | mutation]
  2198 | D:3      | Gained mutation: Potions are less effective at restoring
                  | your health. [potion of mutation]
  2198 | D:3      | Gained mutation: You have a pair of small antennae on your
                  | head. [potion of mutation]
  2344 | D:3      | Killed Robin
  2360 | D:3      | Reached skill level 3 in Long Blades
  2467 | D:3      | Gained mutation: You are mostly covered in thin metallic
                  | scales. (AC +3) [demonic ancestry]
  2467 | D:3      | Reached XP level 5. HP: 33/42 MP: 5/5
  3815 | D:5      | Entered Level 5 of the Dungeon
  3870 | D:5      | Noticed Blork the orc
  3886 | D:5      | Killed Blork the orc
  3887 | D:5      | Reached skill level 4 in Long Blades
  3887 | D:5      | Gained mutation: You may rarely emit foul miasma when
                  | damaged in melee. [demonic ancestry]
  3887 | D:5      | Reached XP level 6. HP: 11/48 MP: 6/6
  4136 | D:5      | Noticed a water moccasin
  4149 | D:5      | Killed a water moccasin
  4314 | D:5      | Found a shimmering blue altar of Sif Muna.
  4388 | D:5      | Reached skill level 1 in Dodging
  4686 | D:5      | Noticed a sky beast
  4686 | D:5      | Noticed Duvessa
  4686 | D:5      | Noticed Dowan
  4713 | D:5      | Killed Duvessa
  4714 | D:5      | Reached skill level 5 in Long Blades
  4714 | D:5      | Gained mutation: You have large cloven feet. [demonic
                  | ancestry]
  4714 | D:5      | Reached XP level 7. HP: 21/55 MP: 7/7
  4743 | D:5      | Killed Dowan
  4744 | D:5      | Slain by a gnoll sergeant

Illustrated notes

Levels and vault maps discovered:
D:1:      lightli_arrival_windingriver, layout_basic,
          shapermc_ecumenical_altar_venn, serial_shops,
          nicolae_shop_hallway_plus
D:2:      layout_loops_cross, minmay_pentomino_q4
D:3:      layout_loops_ring, st_stairs_2, grunt_decor_cap, uniq_robin
D:4:      layout_basic
D:5:      layout_layer_cave, grunt_temple_overflow_order_and_chaos_2,
          mainiacjoe_overflow_tiny_flanked, mainiacjoe_overflow_24_doors,
          minmay_misc_feat_hallway, kennysheep_potato, uniq_eustachio,
          uniq_edmund, uniq_blork_the_orc, uniq_duvessa

Skill      XL: |  1  2  3  4  5  6 |
---------------+-------------------+-----
Long Blades    | 2 3 4 5 |  5.3
Armour         | 3 4 |  4.5
Shields        | 3 |  3.4
Fighting       | 4 |  4.6
Dodging        | 1 |  1.1

Action                   |  1- 3 |  4- 6 |  7- 9 || total
-------------------------+-------+-------+-------++-------
Melee: Long sword        |   160 |   174 |    10 ||   344
       Kick              |       |       |     3 ||     3
  Use: Potion            |     1 |     6 |       ||     7
       Scroll            |       |     8 |     1 ||     9
Armor: Scale mail        |    41 |       |       ||    41
       Plate armour      |   140 |   129 |    11 ||   280
Dodge: Dodged            |    74 |    50 |     1 ||   125
Block: Buckler           |    63 |    35 |     6 ||   104

Table legend: (Time is in decaauts)
 A = Elapsed time spent in this place.
 B = Non-inter-level travel time spent in this place.
 C = Inter-level travel time spent in this place.
 D = Time resting spent in this place.
 E = Time spent auto-exploring this place.
 F = Levels seen in this place.
 G = Mean time per level.
                   A        B        C        D        E       F      G
               +--------+--------+--------+--------+--------+-----+--------+
         Total |   4838 |   4685 |    153 |    100 |   3752 |   5 |  967.6 |
       Dungeon |   4838 |   4685 |    153 |    100 |   3752 |   5 |  967.6 |
               +--------+--------+--------+--------+--------+-----+--------+

Top non-repeatable levels by time:
     D:3: 1124 daAuts
     D:2: 1109 daAuts
     D:5: 940 daAuts
     D:4: 872 daAuts
     D:1: 791 daAuts
